 Dungeon Crawl Stone Soup version 0.23.2-40-g277498a001 (webtiles) character file.

Game seed: 18153030974472015554

58 Martska the Ducker (level 4, -5/33 HPs)
             Began as a Merfolk Ice Elementalist on Oct 2, 2019.
             Slain by a gnoll
             ... wielding a +0 flail
              (7 damage)
             ... on level 2 of the Dungeon.
             The game lasted 00:08:04 (2033 turns).

Martska the Ducker (Merfolk Ice Elementalist)       Turns: 2033, Time: 00:08:04

Health: -5/33      AC:  3    Str: 10    XL:     4   Next: 1%
Magic:  2/7        EV: 13    Int: 14    God:
Gold:   53         SH:  0    Dex: 15    Spells: 6/7 levels left

rFire    . . .     SeeInvis .   o - +0 short sword
rCold    . . .     Gourm    .   (no shield)
rNeg     . . .     Faith    .   d - +0 leather armour
rPois    .         Spirit   .   (no helmet)
rElec    .         Reflect  .   (no cloak)
rCorr    .         Harm     .   (no gloves)
MR       .....                  (no boots)
Stlth    ++........             (no amulet)
HPRegen  0.11/turn              b - +2 ring of strength
MPRegen  0.10/turn              (no ring)

@: lethally poisoned (-5 -> -6), very slightly contaminated
A: change form in water, swift swim, stealthy swim
a: no special abilities


You were on level 2 of the Dungeon.
You were very hungry.

You visited 1 branch of the dungeon, and saw 4 of its levels.

You collected 53 gold pieces.

Inventory:

Hand Weapons
 k - a +0 club
 o - a +0 short sword (weapon)
Missiles
 h - 17 bolts
Armour
 a - a +0 robe
 d - a +0 leather armour (worn)
Jewellery
 b - a +2 ring of strength (left hand)
Scrolls
 e - 2 scrolls of identify {unknown}
 l - a scroll of immolation {unknown}
 m - a scroll of remove curse {unknown}
Potions
 f - a potion of ambrosia {unknown}
 g - 3 potions of curing {unknown}
 i - 2 potions of lignification {unknown}
 j - a potion of agility {unknown}
 n - 2 potions of might {unknown}
Comestibles
 c - 3 rations


   Skills:
 * Level 1.8 Fighting
 * Level 3.8 Dodging
 + Level 2.6 Stealth
 + Level 2.2 Spellcasting
   Level 0.7 Conjurations
 + Level 3.7 Ice Magic


You had 6 spell levels left.
You knew the following spells:

 Your Spells              Type           Power        Failure   Level  Hunger
a - Freeze                Ice            ##..         7%          1    #......

Your spell library contained the following spells:

 Spells                   Type           Power        Failure   Level  Hunger
 Throw Frost              Conj/Ice       #.....       19%         2    ###....
 Ozocubu's Armour         Chrm/Ice       #.......     41%         3    ###....
 Throw Icicle             Conj/Ice       #.......     77%         4    #####..
 Summon Ice Beast         Ice/Summ       #.......     82%         4    #####..


Dungeon Overview and Level Annotations

Branches:
Dungeon (4/15)
 Temple: D:4-7

Altars:


Message History

The gnoll barely misses you.
Casting: Freeze (safe; 7% risk of failure)
Confirm with . or Enter, or press ? or * to list all spells.
Aiming: Freeze (safe; 7% risk of failure)
Press: ? - help, Shift-Dir - straight line, f/p - gnoll
Aim: a gnoll (heavily wounded)
You freeze the gnoll.
The gnoll is almost dead.
You feel sick.
A rat comes into view.
The gnoll hits you with a +0 flail.
* * * LOW HITPOINT WARNING * * *
The adder barely misses you. The adder bites you but does no damage.
The gnoll closely misses you.
You hit the gnoll.
You kill the gnoll!
You have reached level 4!
The adder is no longer moving slowly.
The adder closely misses you. The gnoll hits you with a +0 flail!
You die...

#...... #
#..##†#
#..###..##.#
#..)....(†S#
#.####l.####
# ###..####
#.##.S......
#..†Sgg.....
##@Sb.#####
####.....
######


You could see 2 gnolls, 3 adders, a leopard gecko and a bat.

Vanquished Creatures
  A gnoll (D:2)
  An adder (D:3)
  3 dart slugs (D:1)
  6 bats
  2 giant cockroaches (D:1)
  5 goblins
  3 hobgoblins (D:1)
  3 jackals (D:2)
  2 frilled lizards
  3 kobolds
  3 rats
32 creatures vanquished.

Notes
Turn   | Place    | Note
-------+----------+-------------------------------------------
     0 | D:1      | Martska the Merfolk Ice Elementalist began the quest for
                  | the Orb.
     0 | D:1      | Reached XP level 1. HP: 13/13 MP: 3/3
   350 | D:1      | Reached XP level 2. HP: 20/20 MP: 1/5
   518 | D:1      | Reached skill level 1 in Fighting
   928 | D:1      | Reached XP level 3. HP: 24/26 MP: 0/6
  1376 | D:2      | You fall through a shaft for 2 floors!
  1411 | D:4      | HP: 1/26 [bullfrog skeleton (4)]
  2032 | D:2      | HP: 1/26 [gnoll/+0 flail (2)]
  2033 | D:2      | Reached XP level 4. HP: 2/33 MP: 1/7
  2033 | D:2      | Slain by a gnoll

Skill      XL: |  1  2 |
---------------+-------+-----
Dodging        | 3 |  3.8
Fighting       | 1 |  1.8
Stealth        | |  2.6
Spellcasting   | |  2.2
Conjurations   | |  0.7
Ice Magic      | |  3.7

Action                   |  1- 3 |  4- 6 || total
-------------------------+-------+-------++-------
Melee: Unarmed           |    28 |       ||    28
       Club              |     9 |       ||     9
       Short sword       |     1 |       ||     1
 Cast: Freeze            |    58 |       ||    58
  Eat: Ration            |     1 |       ||     1
Armor: Leather armour    |    35 |       ||    35
Dodge: Dodged            |    85 |     1 ||    86
